 Dungeon Crawl Stone Soup version 0.19-a0-78-g674c7a4 (webtiles) character file.

4 Duffy the Firebug (level 1, -3/14 HPs)
             Began as a Draconian Fire Elementalist on May 13, 2016.
             Slain by a giant gecko (4 damage)
             ... on level 1 of the Dungeon.
             The game lasted 00:00:38 (277 turns).

Duffy the Firebug (Draconian Fire Elementalist)      Turns: 277, Time: 00:00:39

Health: -3/14      AC:  4    Str: 10    XL:     1   Next: 50%
Magic:  1/3        EV: 12    Int: 15    God:
Gold:   0          SH:  0    Dex: 11    Spells: 1 memorised, 3 levels left

rFire  . . .     SeeInvis .     (no weapon)
rCold  . . .     Gourm    .     (armour unavailable)
rNeg   . . .     Faith    .     (no shield)
rPois  .         Spirit   .     (helmet restricted)
rElec  .         Dismiss  .     (no cloak)
rCorr  .         Reflect  .     (no gloves)
SustAt .         Harm     .     (no boots)
MR     .....                    (no amulet)
Stlth  ++........               (no ring)
                                (no ring)

@: very slightly contaminated, not resistant to hostile enchantments, unstealthy
A: unfitting armour, cold-blooded, AC +4
a: no special abilities


You were on level 1 of the Dungeon.
You were not hungry.

You visited 1 branch of the dungeon, and saw 1 of its levels.


Innate Abilities, Weirdness & Mutations

Your plain brown scales are hard (AC +4).
Your body does not fit into most forms of armour.
You are cold-blooded and may be slowed by cold attacks.


   Skills:
 - Level 1.7 Dodging
 - Level 1.7 Stealth
 - Level 2.0 Spellcasting
 + Level 1.6 Conjurations
 - Level 3.0 Fire Magic


You had 3 spell levels left.
You knew the following spells:

 Your Spells              Type           Power        Failure   Level  Hunger
a - Flame Tongue          Conj/Fire      #....        12%         1    #......

Inventory:

Missiles
 g - 3 needles of confusion
Potions
 c - a potion of haste {unknown}
 d - a potion of mutation {unknown}
 e - a potion of might {unknown}
Books
 a - a book of Flames
Comestibles
 b - a bread ration
 f - 4 fruits

Dungeon Overview and Level Annotations

Branches:
Dungeon (1/15)

Altars:


Message History

The bat misses you. The bat closely misses you. The bat closely misses you.
The bat hits you but does no damage. The bat hits you but does no damage.
The bat closely misses you. The bat barely misses you.
The bat completely misses you. The bat hits you but does no damage.
The bat barely misses you. The bat barely misses you.
The bat hits you but does no damage. The bat closely misses you.
The bat hits you. The bat hits you but does no damage. The bat misses you.
There is an open door here.
Cast which spell? (? or * to list)
Aiming: Flame Tongue
Press: ? - help, Shift-Dir - straight line, f - bat
Aim: a bat The flame tongue misses the bat.
The bat barely misses you. The giant gecko bites you.
Your magical contamination has completely faded away.
The giant gecko hisses menacingly.
The bat hits you but does no damage. The bat barely misses you.
Cast which spell? (? or * to list)
Aiming: Flame Tongue
Press: ? - help, Shift-Dir - straight line, f/p - bat
Aim: a bat The flame tongue hits the bat.
You kill the bat!
The giant gecko barely misses you.
The giant gecko bites you but does no damage.
You see here a hobgoblin corpse.
The giant gecko barely misses you. The giant gecko barely misses you.
You see here a bat corpse.
Cast which spell? (? or * to list)
Aiming: Flame Tongue
Press: ? - help, Shift-Dir - straight line, f - giant gecko
Aim: a giant gecko (lightly wounded)
You miscast Flame Tongue.
You are very lightly contaminated with residual magic.
Your skin glows momentarily.
The giant gecko completely misses you. The giant gecko barely misses you.
The giant gecko misses you.
There is an open door here.
The giant gecko bites you. x2
You die...

..##..)....... .$
#g#.#######
..##.#.######## .
#....#.%......#####....
.....%.....g...........
.........#####'#####...
......########g####
.....## ###....l..###
#...## ##.......@...##
#... ##....#####....##
#... #...#########...#
#..#
##..##.......##..## #..
#...#..~~.~~..#...#
#..##.~~...~~.##..#
#..##.~~.<.~~.##..#
#..##.~~...~~.##..#
#...#..~~~~~..#...#


You could see a giant gecko and a hobgoblin.

Action                   || total
-------------------------++-------
 Cast: Flame Tongue      ||    11
Armor: Skin              ||    17
Dodge: Dodged            ||    37

Notes
Turn   | Place    | Note
--------------------------------------------------------------
     0 | D:1      | Duffy the Draconian Fire Elementalist began the quest for the Orb.
     0 | D:1      | Reached XP level 1. HP: 14/14 MP: 3/3
   277 | D:1      | Slain by a giant gecko

Vault maps used:
D:1:      dpeg_arrival_concentric_ovals

Vanquished Creatures
  2 bats
  A hobgoblin
  A kobold
4 creatures vanquished.
